 Dungeon Crawl Stone Soup version 0.30-a0-305-g026cb31310 (webtiles) character file.

Game seed: 11514032057823731154

2359 ytrimaz the Ruffian (level 9, -2/133 HPs)
             Began as a Troll Transmuter on Oct 21, 2022.
             Was a Priest of Cheibriados.
             Slain by an orc
             ... wielding a +0 hand axe
              (6 damage)
             ... in a bailey.
             The game lasted 00:07:25 (5461 turns).

ytrimaz the Ruffian (Troll Transmuter)              Turns: 5461, Time: 00:07:26

Health: -2/133     AC:  5    Str: 26    XL:     9   Next: 20%
Magic:  9/9        EV: 10    Int: 19    God:    Cheibriados [***...]
Gold:   222        SH:  0    Dex: 16    Spells: 7/10 levels left

rFire   + . .      SeeInvis .      - Unarmed
rCold   . . .      Faith    .    (no shield)
rNeg    + . .      Spirit   .    a - +0 robe
rPois   .          Reflect  .    (helmet restricted)
rElec   .          Harm     .    n - +0 cloak
rCorr   .          Rampage  .    (gloves unavailable)
Will    .....                    (boots unavailable)
Stlth   ..........               e - amulet of regeneration
HPRegen 2.02/turn                m - ring of protection from fire
MPRegen 0.11/turn                b - ring of positive energy

@: brilliant, berserking, wereblooded, attractive, flying, hasted, slow
A: large, unfitting armour, claws 3, regeneration 1, shaggy fur 1, tough skin 1
a: Renounce Religion, Bend Time, Temporal Distortion


You were in a bailey.
You worshipped Cheibriados.
Cheibriados was most pleased with you.
You visited 2 branches of the dungeon, and saw 8 of its levels.
You also visited: Bailey.

You collected 222 gold pieces.


Innate Abilities, Weirdness & Mutations

You are too large for most types of armour.
You have claws for hands.
Your natural rate of healing is unusually fast.
You are covered in fur. (AC +1)
You have tough skin. (AC +1)


   Skills:
 + Level 5.9 Fighting
 - Level 1.5 Dodging
 + Level 7.8 Unarmed Combat
 - Level 1.2 Spellcasting
 + Level 5.6 Transmutations


You had 7 spell levels left.
You knew the following spells:

 Your Spells              Type           Power      Damage    Failure   Level
a - Beastly Appendage     Tmut           66%        N/A       1%          1
b - Wereblood             Tmut           33%        N/A       2%          2

Your spell library contained the following spells:

 Spells                   Type           Power      Damage    Failure   Level
 Spider Form              Tmut/Pois      17%        N/A       17%         3
 Blade Hands              Tmut           16%        N/A       45%         5
 Gell's Gravitas          Tloc           1%         N/A       50%         3
 Lesser Beckoning         Tloc           2%         N/A       50%         3
 Portal Projectile        Hex/Tloc       2%         N/A       50%         3
 Teleport Other           Tloc           1%         N/A       50%         3
 Tukima's Dance           Hex            1%         N/A       50%         3
 Ice Form                 Ice/Tmut       17%        N/A       50%         4
 Summon Ice Beast         Ice/Summ       1%         N/A       88%         4
 Summon Mana Viper        Hex/Summ       1%         N/A       99%         5
 Monstrous Menagerie      Summ           0%         N/A       100%        7
 Chain Lightning          Conj/Air       0%         2d1       100%        9
 Fire Storm               Conj/Fire      0%         6d1       100%        9
 Shatter                  Erth           0%         3d5*      100%        9

Inventory:

Armour
 a - a +0 robe (worn)
 n - a +0 cloak (worn)
   (You found it on level 4 of the Dungeon)
Jewellery
 b - a ring of positive energy (right claw)
   (You found it on level 5 of the Dungeon)
 e - an amulet of regeneration (around neck)
   (You found it on level 1 of the Dungeon)
 m - a ring of protection from fire (left claw)
   (You found it on level 3 of the Dungeon)
Scrolls
 g - 2 scrolls of teleportation
 k - a scroll of enchant armour
 o - a scroll of summoning
 q - 5 scrolls of fog
 r - a scroll of enchant weapon {unknown}
 s - a scroll of magic mapping {unknown}
 u - a scroll of acquirement {unknown}
Potions
 f - 4 potions of curing
 h - a potion of flight
 i - a potion of haste
 j - a potion of heal wounds
 l - a potion of attraction
 t - a potion of resistance {unknown}

Dungeon Overview and Level Annotations

Branches:
Dungeon (7/15) Zot: 40347  Temple (1/1) D:4 Zot: 8674  Bailey (1/1) Zot: 8570

Altars:
Ashenzari
Cheibriados
Dithmenos
Elyvilon
Fedhas
Gozag
Kikubaaqudgha
Nemelex Xobeh
Okawaru
Ru
Trog
Wu Jian
Xom
Yredelemnul
Zin

Shops:
D:6

= .......#...........#
.......#...........#
......###.......).###
....###.###.....#)#.###
#.###
...###.###.)...### ###
.... ###.........## .#
..... #8..........# .#
......#8g.........# .#
.....oggo@..โŒ ....โˆฉ#
.# .....ยง#8)o........#
.# ....g #8..........#
### .... ###.........##
#.###
...###.###.....###
....###.###.....#)#.###
......###.......).###
.......#...........#
.......#...........#


You could see an orc warlord, an orc warrior (strong), a gnoll, an orc (strong),
a hobgoblin and a goblin.


Message History

Your orc dies!
Your orc's corpse dissolves into shadows!
The orc warlord hits your orc with a +7 battleaxe!!
Your orc dies!
Your orc's corpse dissolves into shadows!
The orc warlord hits your orc wizard with a +7 battleaxe!!
Your orc wizard dies!
Your orc wizard's corpse dissolves into shadows!
It was a potion of heal wounds.
You feel much better.
Your gnoll hits the orc warlord from afar with a +0 spear.
The orc warlord hits your orc with a +7 battleaxe!
Your orc dies!
Your orc's corpse dissolves into shadows!
The orc warlord closely misses your gnoll.
Unknown command.
It was a potion of attraction.
You feel attractive to monsters.
You howl as the wereblood boils in your veins!
The orc warrior no longer looks unusually strong.
Your gnoll closely misses the orc warlord.
Your gnoll hits the orc warlord but does no damage.
The orc warlord hits your orc with a +7 battleaxe!!!
Your orc dies!
Your orc's corpse dissolves into shadows!
The orc warlord closely misses your gnoll.
The orc warlord is attracted toward you.
The hobgoblin is attracted toward you.
The orc warrior is attracted toward you.
It was a potion of brilliance.
You feel clever all of a sudden.
Your gnoll barely misses the orc warlord.
Your gnoll hits the orc warlord but does no damage.
The orc warlord hits you with a +7 battleaxe.
The orc warlord hits your gnoll with a +7 battleaxe!
Your gnoll dies!
Your gnoll's corpse dissolves into shadows!
The orc warrior is attracted toward you.
The orc is attracted toward you. ๐Ÿ˜• HP[-6]
You take 6 damage, and now have 83/89 hp.
It was a potion of magic.
Magic courses through your body.
You howl as the wereblood boils in your veins!
The orc warrior no longer looks unusually strong.
Your gnoll hits the orc warlord from afar with a +0 spear.
The orc warlord hits you with a +7 battleaxe!!
The hobgoblin hits you with a +0 hand axe.
The orc is attracted toward you.
The gnoll is attracted toward you. ๐Ÿ˜ฎ HP[-33] MP[+1]
You take 33 damage, and now have 50/89 hp.
MASSIVE DAMAGE!! (PAUSE)
Your mp is fully restored (9).
It was a potion of haste.
You feel yourself speed up.
Cheibriados forgives your accidental hurry, just this once.
You howl as the wereblood boils in your veins!
Your gnoll hits the orc warlord but does no damage.
The orc warlord hits you with a +7 battleaxe!!
* * * LOW HITPOINT WARNING * * *
The orc warrior hits you with a +0 broad axe.
* * * LOW HITPOINT WARNING * * *
The orc warrior hits your gnoll with a +0 broad axe!
The hobgoblin closely misses you. ๐Ÿ˜ฑ HP[-32]
You take 32 damage, and now have 18/89 hp.
MASSIVE DAMAGE!! (PAUSE)
Okay, then.
You feel much better.
Your gnoll dissolves into shadows!
The orc warrior hits you with a +0 broad axe!
* * * LOW HITPOINT WARNING * * *
The hobgoblin hits you with a +0 hand axe.
* * * LOW HITPOINT WARNING * * *
The orc warlord roars a battlecry!
The orcs go into a battle-frenzy! ๐Ÿ˜ฑ HP[+1] Unknown command.
It was a potion of berserk rage.
A red film seems to cover your vision as you go berserk!
Cheibriados protects you from inadvertent hurry.
You feel mighty! ๐Ÿ˜ฑ HP[+12]
You now have 133 max hp (+44).
You regained 12 hp, and now have 31/133 hp.
You claw the orc warlord!
The orc warrior hits you with a +0 broad axe!!
* * * LOW HITPOINT WARNING * * *
The hobgoblin hits you with a +0 hand axe.
* * * LOW HITPOINT WARNING * * *
The goblin is attracted toward you.
Unknown command. ๐Ÿ˜ฑ HP[-30]
You take 30 damage, and now have 1/133 hp.
MASSIVE DAMAGE!! (PAUSE)
You mangle the orc warrior!! ๐Ÿ˜ฑ HP[+1] Unknown command.
You claw the orc warrior!
You feel a bit better.
You kill the orc warrior!
You howl as the wereblood boils in your veins!
The orc hits you with a +0 hand axe.
You die...

Skill      XL: |  1  2  3  4  5  6  7  8 |
---------------+-------------------------+-----
Fighting       | 1 2 3 4 5 |  5.9
Transmutations | 2 3 4 5 |  5.6
Unarmed Combat | 4 5 6 7 |  7.8
Dodging        | |  1.5
Spellcasting   | |  1.2

Action                   |  1- 3 |  4- 6 |  7- 9 || total
-------------------------+-------+-------+-------++-------
Melee: Unarmed           |   131 |   131 |   246 ||   508
       Punch             |     2 |     5 |     9 ||    16
 Cast: Wereblood         |       |       |     7 ||     7
  Use: Scroll            |       |     4 |     6 ||    10
       Potion            |       |     1 |    10 ||    11
Armor: Robe              |    52 |    38 |    68 ||   158
       Skin              |       |     3 |     9 ||    12
Dodge: Dodged            |    68 |    49 |   133 ||   250

Levels and vault maps discovered:
D:1:      minmay_arrival_checkered_box, layout_loops_cross,
          dreamdust_ecumenical_altar_angels_and_demons,
          nicolae_concentric_dashed_squares_wild, minmay_small_reverse_x
D:2:      minmay_angry_zag, layout_loops_cross
D:3:      layout_loops_ring, uniq_sigmund
D:4:      minmay_octagon_keep, layout_gridville, cheibrodos_worm_habitat,
          nzn_wu_jian_council_hall, elyvilon_altar_4, minivault_5
D:5:      layout_loops_ring
D:6:      layout_cave_pools, mainiacjoe_overflow_catwalk, minmay_crystal_room,
          nicolae_shop_unique_rings, corexii_corridor_pit
D:7:      layout_cave_pools, enter_bailey_5
Temple:   minmay_temple_curvy_loop
Bailey:   bailey_axe_minmay_hex_keep, bailey

Notes
Turn   | Place    | Note
-------+----------+-------------------------------------------
     0 | D:1      | ytrimaz the Troll Transmuter began the quest for the Orb.
     0 | D:1      | Reached XP level 1. HP: 18/18 MP: 1/1
     0 | D:1      | magus.rc [v1.9.6]
    82 | D:1      | Reached skill level 1 in Fighting
   180 | D:1      | Reached XP level 2. HP: 26/27 MP: 2/2
   306 | D:1      | Found a faded altar of an unknown god.
   489 | D:1      | Reached XP level 3. HP: 32/33 MP: 3/3
   532 | D:1      | Reached skill level 2 in Transmutations
   715 | D:1      | Learned a level 2 spell: Wereblood
   904 | D:2      | Reached XP level 4. HP: 37/42 MP: 4/4
  1013 | D:2      | Reached skill level 2 in Fighting
  1495 | D:3      | Reached skill level 4 in Unarmed Combat
  1514 | D:3      | Reached XP level 5. HP: 44/50 MP: 5/5
  1807 | D:3      | Noticed Sigmund
  1820 | D:3      | Killed Sigmund
  1821 | D:3      | Reached skill level 3 in Fighting
  1821 | D:3      | Reached skill level 3 in Transmutations
  1821 | D:3      | Reached XP level 6. HP: 61/61 MP: 6/6
  2138 | D:4      | You pick up a book of Annihilations and begin reading...
  2138 | D:4      | You add the spells Chain Lightning, Fire Storm and Shatter
                  | to your library.
  2142 | D:4      | Found a white marble altar of Elyvilon.
  2186 | D:4      | Reached skill level 5 in Unarmed Combat
  2194 | D:4      | Found an ornate altar of the Wu Jian Council.
  2307 | D:4      | Found a snail-covered altar of Cheibriados.
  2396 | D:4      | Reached XP level 7. HP: 67/67 MP: 7/7
  2687 | D:4      | Found a staircase to the Ecumenical Temple.
  3135 | D:4      | You pick up a book of Beasts and begin reading...
  3135 | D:4      | You add the spells Summon Ice Beast, Summon Mana Viper and
                  | Monstrous Menagerie to your library.
  3508 | Temple   | Entered the Ecumenical Temple
  3797 | D:4      | Became a worshipper of Cheibriados the Contemplative
  3832 | D:5      | Entered Level 5 of the Dungeon
  3961 | D:5      | Reached skill level 4 in Fighting
  3961 | D:5      | Reached skill level 4 in Transmutations
  4131 | D:5      | Reached skill level 6 in Unarmed Combat
  4267 | D:5      | Reached XP level 8. HP: 74/77 MP: 8/8
  4337 | D:5      | Reached * piety under Cheibriados
  4464 | D:5      | You pick up a book of Weapons and begin reading...
  4464 | D:5      | You add the spells Tukima's Dance, Portal Projectile and
                  | Blade Hands to your library.
  4727 | D:6      | Found Ubuzukub's One-of-a-Kind Rings.
  4772 | D:6      | You pick up a book of Displacement and begin reading...
  4772 | D:6      | You add the spells Lesser Beckoning, Gell's Gravitas and
                  | Teleport Other to your library.
  4931 | D:6      | Found a bloodstained altar of Trog.
  5000 | D:7      | Found a flagged portal.
  5090 | Bailey   | Entered a bailey
  5147 | Bailey   | Reached ** piety under Cheibriados
  5148 | Bailey   | Reached skill level 5 in Fighting
  5217 | Bailey   | Reached skill level 7 in Unarmed Combat
  5217 | Bailey   | Reached skill level 5 in Transmutations
  5236 | Bailey   | Noticed an orc knight
  5257 | Bailey   | Killed an orc knight
  5258 | Bailey   | Reached XP level 9. HP: 89/89 MP: 9/9
  5391 | Bailey   | Reached *** piety under Cheibriados
  5438 | Bailey   | Identified a +0 crystal plate armour
  5438 | Bailey   | Noticed an orc warlord
  5456 | Bailey   | HP: 18/89 [orc warrior/+0 broad axe (6)]
  5459 | Bailey   | HP: 4/133 [orc warrior/+0 broad axe (28)]
  5459 | Bailey   | HP: 1/133 [hobgoblin/+0 hand axe (3)]
  5461 | Bailey   | Slain by an orc

Vanquished Creatures
  An orc knight (Bailey)
  Sigmund (D:3)
  A water moccasin (D:5)
  2 black bears
  6 orc warriors (Bailey)
  2 ogres
  A necrophage (D:5)
  A scorpion (D:5)
  3 wights (D:7)
  2 orc priests (D:3)
  A hound (D:4)
  4 iguanas
  3 orc wizards
  5 gnolls (Bailey)
  8 adders
  3 white imps (D:6)
  An ufetubus (D:5)
  3 worms
  6 dart slugs
  23 orcs
  11 ball pythons
  11 bats
  5 endoplasms
  4 giant cockroaches
  21 goblins
  19 hobgoblins
  12 quokkas
  3 frilled lizards
  8 kobolds
  7 rats
178 creatures vanquished.

Vanquished Creatures (collateral kills)
  A hobgoblin (Bailey)
1 creature vanquished.

Grand Total: 179 creatures vanquished

Table legend:
 A = Non-vault XP
 B = Vault XP
 C = Vault XP percentage of total XP
 D = Non-vault monster count
 E = Vault monster count
 F = Vault count percentage of total count
                 A         B        C        D         E       F
            +---------+---------+-------+---------+---------+-------
      Total |    1631 |    1875 |  53.5 |     113 |      66 |  36.9
            +---------+---------+-------+---------+---------+-------
        D:1 |      58 |       7 |  10.8 |      33 |       4 |  10.8
        D:2 |      53 |      22 |  29.3 |      20 |       5 |  20.0
        D:3 |     224 |     223 |  49.9 |      20 |       1 |   4.8
        D:4 |     202 |     108 |  34.8 |      13 |      11 |  45.8
        D:5 |     684 |       0 |   0.0 |      17 |       0 |   0.0
        D:6 |     163 |       0 |   0.0 |       6 |       0 |   0.0
        D:7 |     247 |       8 |   3.1 |       4 |       4 |  50.0
     Bailey |       0 |    1507 | 100.0 |       0 |      41 | 100.0
            +---------+---------+-------+---------+---------+-------

Illustrated notes

Table legend:
 A = Kills in this place as a percentage of kills in entire the game.
 B = Kills by you in this place as a percentage of kills by you in the entire game.
 C = Kills by friends in this place as a percentage of kills by friends in the entire game.
 D = Other kills in this place as a percentage of other kills in the entire game.
 E = Experience gained in this place as a percentage of experience gained in the entire game.
 F = Experience gained in this place divided by the number of levels of this place that you have seen.
                   A       B       C       D       E      F
               +-------+-------+-------+-------+-------+----------------------
         Total | 100.0 | 100.0 | 100.0 |   N/A | 100.0 | 389.6
       Dungeon |  77.1 |  77.5 |   0.0 |   N/A |  57.0 | 285.6
        Bailey |  22.9 |  22.5 | 100.0 |   N/A |  43.0 | 1507.0
               +-------+-------+-------+-------+-------+----------------------

Table legend: (Time is in decaauts)
 A = Elapsed time spent in this place.
 B = Non-inter-level travel time spent in this place.
 C = Inter-level travel time spent in this place.
 D = Time resting spent in this place.
 E = Time spent auto-exploring this place.
 F = Levels seen in this place.
 G = Mean time per level.
                   A        B        C        D        E       F      G
               +--------+--------+--------+--------+--------+-----+--------+
         Total |   5895 |   5526 |    369 |    460 |   3859 |   9 |  655.0 |
       Dungeon |   5250 |   4907 |    343 |    387 |   3536 |   7 |  750.0 |
        Temple |    216 |    190 |     26 |      0 |    186 |   1 |  216.0 |
        Bailey |    428 |    428 |      0 |     73 |    136 |   1 |  428.0 |
               +--------+--------+--------+--------+--------+-----+--------+

Top non-repeatable levels by time:
     D:4: 1513 daAuts
     D:5: 928 daAuts
     D:1: 754 daAuts
     D:3: 743 daAuts
     D:2: 610 daAuts
     D:6: 547 daAuts
  Bailey: 428 daAuts
  Temple: 216 daAuts
     D:7: 152 daAuts
